 Dungeon Crawl Stone Soup version 0.30-a0-534-gdc55766716 (webtiles) character file.

Game seed: 8170961764328724595

1414 PyroL the Changer (level 8, -8/52 HPs)
             Began as an Octopode Transmuter on Dec 25, 2022.
             Killed from afar by an electric eel (10 damage)
             ... with a bolt of electricity
             ... on level 6 of the Dungeon.
             The game lasted 00:17:44 (6436 turns).

PyroL the Changer (Octopode Transmuter)             Turns: 6436, Time: 00:17:44

Health: -8/52      AC:  1    Str: 10    XL:     8   Next: 71%
Magic:  11/11      EV: 14    Int: 17    God:
Gold:   221        SH:  5    Dex: 12    Spells: 5/11 levels left

rFire   . . .      SeeInvis .    o - +3 dagger (venom)
rCold   + . .      Faith    .    y - +0 buckler
rNeg    . . .      Spirit   .    (helmet restricted)
rPois   +          Reflect  .    (no amulet)
rElec   .          Harm     .    l - ring of poison resistance
rCorr   .          Rampage  .    n - ring of wizardry
Will    .....                    G - ring of protection from cold
Stlth   ++++                     (no ring)
HPRegen 0.28/turn                (no ring)
MPRegen 0.12/turn                (no ring)
                                 (no ring)
                                 (no ring)

@: brilliant
A: almost no armour, amphibious, 8 rings, camouflage 1, gelatinous body 1,
nimble swimmer 1, tentacles
a: no special abilities


You were on level 6 of the Dungeon.
You visited 1 branch of the dungeon, and saw 6 of its levels.
You also visited: Sewer.

You collected 221 gold pieces.

Inventory:

Hand Weapons
 o - a +3 dagger of venom (weapon)
Missiles
 j - 23 poisoned darts
 k - a throwing net
 x - 2 curare-tipped darts
Armour
 y - a +0 buckler (worn)
Jewellery
 l - a ring of poison resistance (left tentacle)
 n - a ring of wizardry (right tentacle)
 A - the ring of Zifo {Fire Int+2}
   (You found it on level 4 of the Dungeon)

   [ring of fire]

   It enhances your fire magic.
   Int:       It affects your intelligence (+2).
   rF:        It protects you from fire.
   rC:        It makes you vulnerable to cold.
 G - a ring of protection from cold (on tentacle)
Wands
 D - a wand of iceblast (14)
Scrolls
 b - 2 scrolls of teleportation
 c - a scroll of blinking {unknown}
 d - a scroll of fear
 f - a scroll of poison {unknown}
 g - a scroll of enchant weapon
 p - a scroll of torment {unknown}
 q - 2 scrolls of vulnerability
 r - a scroll of summoning {unknown}
 t - a scroll of fog {unknown}
 B - a scroll of brand weapon {unknown}
 C - 6 scrolls of amnesia {unknown}
 H - a scroll of identify
Potions
 a - 2 potions of lignification
 e - a potion of haste
 h - a potion of berserk rage {unknown}
 i - 2 potions of invisibility {unknown}
 m - 2 potions of cancellation
 s - 3 potions of magic
 u - a potion of heal wounds
 v - 2 potions of brilliance
 w - 3 potions of curing
 z - a potion of attraction {unknown}
 E - a potion of mutation {unknown}
 F - a potion of flight {unknown}


   Skills:
 - Level 3.0 Fighting
 - Level 5.0 Dodging
 - Level 4.0 Stealth
 - Level 4.0 Shields
 - Level 5.0 Unarmed Combat
 + Level 2.2 Spellcasting
 * Level 5.2 Transmutations
 * Level 0.6 Ice Magic
 - Level 3.2 Poison Magic


You had 5 spell levels left.
You knew the following spells:

 Your Spells              Type           Power      Damage    Failure   Level
a - Beastly Appendage     Tmut           58%        N/A       1%          1
b - Wereblood             Tmut           29%        N/A       1%          2
c - Spider Form           Tmut/Pois      24%        N/A       5%          3

Your spell library contained the following spells:

 Spells                   Type           Power      Damage    Failure   Level
 Frozen Ramparts          Ice            12%        1d2       22%         3
 Ice Form                 Ice/Tmut       17%        N/A       26%         4
 Summon Ice Beast         Ice/Summ       4%         N/A       61%         4


Dungeon Overview and Level Annotations

Branches:
Dungeon (6/15)              Sewer (visited)
 Temple: D:4-7

Altars:
Ashenzari
Elyvilon
Fedhas
Hepliaklqana
Vehumet
Wu Jian

Shops:
D:3 :


Innate Abilities, Weirdness & Mutations

You cannot wear most types of armour.
You are amphibious.
You can wear up to eight rings at the same time.
Your skin changes colour to match your surroundings (Stealth+).
Your rubbery body absorbs attacks. (AC +1, EV +1)
You are camouflaged when in or above water. (Stealth+)
You have tentacles for arms and can constrict up to eight enemies at once.


Message History

Your +3 dagger of venom begins to drip with poison!
You enter the deep water.
You enter the deep water.
An electric eel comes into view.
The electric eel shoots out a bolt of lightning at you!
The bolt of electricity hits you!
Casting: Spider Form (dangerous; 5% risk of failure)
Confirm with . or Enter, or press ? or * to list all spells.
You would drown in your new form.
The electric eel shoots out a bolt of lightning at you!
The bolt of electricity misses you.
The electric eel shoots out a bolt of lightning at you!
The bolt of electricity hits you!
* * * LOW HITPOINT WARNING * * *
The bolt of electricity misses you.
You closely miss the electric eel. Your grab misses the electric eel.
Your tentacle-slap misses the electric eel.
Your squeeze misses the electric eel.
The electric eel shoots out a bolt of lightning at you!
The bolt of electricity hits you!
* * * LOW HITPOINT WARNING * * *
The bolt of electricity hits you!
* * * LOW HITPOINT WARNING * * *
An electric eel comes into view.
Okay, then.
You feel much better.
It was a potion of cancellation.
You feel magically purged.
The electric eel shoots out a bolt of lightning at you!
The bolt of electricity hits you!
* * * LOW HITPOINT WARNING * * *
The bolt of electricity hits you!
* * * LOW HITPOINT WARNING * * *
Okay, then.
Okay, then.
Okay, then.
It was a potion of brilliance.
You feel clever all of a sudden.
The electric eel shoots out a bolt of lightning at you!
The bolt of electricity hits you!
You die...

. #..# ....# #.## #.#.# #.#
##.#.## . #########.# ##..)... .
##≈≈≈≈≈≈≈≈≈# #...))#.
##≈≈#######≈≈# ##.###......
##≈≈##≈≈≈≈≈##≈≈.........#)##
#≈≈##≈≈###≈≈##≈≈##)####.#.#
#≈##≈≈## ##@S##≈##........#
#≈#≈≈## ##S≈#≈...####.### #≈#≈##
#≈#≈.## #.# ##≈#≈# ≈#≈## #.####
##.≈#≈## ####≈# #..... #
#..≈#≈≈## ##≈≈≈≈# #..### #
#..≈##≈≈## ##≈≈##≈#######.>###
####.#≈≈##≈≈###≈≈##≈≈............
.......≈≈##≈≈≈≈≈##≈≈..######..###


You could see 2 electric eels.

Vanquished Creatures
  Maggie (D:6)
  Menkaure (D:4)
  Edmund (D:6)
  2 black bears (D:5)
  3 kobold brigands (Sewer)
  A hound (D:4)
  2 jellies (D:5)
  An orc priest (D:3)
  Crazy Yiuf (D:4)
  2 orc wizards
  Robin (D:2)
  11 adders
  3 gnolls (D:2)
  A river rat (Sewer)
  2 white imps (D:6)
  An ufetubus (D:6)
  4 worms
  2 dart slugs
  12 orcs
  8 ball pythons
  5 bats
  9 endoplasms
  5 giant cockroaches
  14 goblins
  8 hobgoblins
  12 jackals
  4 quokkas
  4 frilled lizards
  12 kobolds
  8 rats
141 creatures vanquished.

Vanquished Creatures (others)
  4 plants (D:2)
4 creatures vanquished.

Grand Total: 145 creatures vanquished

Notes
Turn   | Place    | Note
-------+----------+-------------------------------------------
     0 | D:1      | PyroL the Octopode Transmuter began the quest for the Orb.
     0 | D:1      | Reached XP level 1. HP: 13/13 MP: 3/3
   109 | D:1      | Reached skill level 1 in Poison Magic
   145 | D:1      | Reached XP level 2. HP: 9/18 MP: 3/5
   210 | D:1      | Learned a level 2 spell: Wereblood
   244 | D:1      | Found a faded altar of an unknown god.
   676 | D:1      | Reached XP level 3. HP: 20/23 MP: 4/6
  1037 | D:2      | Reached XP level 4. HP: 22/28 MP: 4/7
  1295 | D:2      | Learned a level 3 spell: Spider Form
  1347 | D:2      | Noticed Robin
  1366 | D:2      | Killed Robin
  1981 | D:3      | Found a glowing drain.
  1993 | Sewer    | Entered a sewer
  2004 | Sewer    | Reached XP level 5. HP: 30/33 MP: 4/8
  2443 | Sewer    | Noticed a kobold brigand
  2454 | Sewer    | Killed a kobold brigand
  2455 | Sewer    | Reached XP level 6. HP: 35/38 MP: 5/9
  2870 | Sewer    | Reached skill level 5 in Unarmed Combat
  2928 | D:3      | Reached skill level 5 in Transmutations
  2947 | D:3      | Reached XP level 7. HP: 28/43 MP: 7/10
  3185 | D:3      | Found Cosyicirr's Vocational Training.
  3676 | D:4      | Noticed Menkaure
  3735 | D:4      | Identified the ring of Zifo {Fire Int+2}
  3802 | D:4      | Found a blossoming altar of Fedhas.
  3964 | D:4      | Killed Menkaure
  4038 | D:4      | Found a white marble altar of Elyvilon.
  4335 | D:4      | Found a runed translucent door.
  4336 | D:4      | Noticed Crazy Yiuf
  4347 | D:4      | Killed Crazy Yiuf
  4478 | D:5      | Entered Level 5 of the Dungeon
  4564 | D:5      | Found a radiant altar of Vehumet.
  4881 | D:5      | Reached skill level 5 in Dodging
  4881 | D:5      | Reached XP level 8. HP: 26/48 MP: 8/11
  4974 | D:5      | Reached skill level 1 in Shields
  5045 | D:5      | Found an ornate altar of the Wu Jian Council.
  5307 | D:5      | Found a hazy altar of Hepliaklqana.
  5694 | D:6      | Noticed Maggie
  5713 | D:6      | Killed Maggie
  5915 | D:6      | Found a broken altar of Ashenzari.
  5915 | D:6      | Noticed Edmund
  5931 | D:6      | Killed Edmund
  6435 | D:6      | HP: 2/52 [electric eel/bolt of electricity (13)]
  6436 | D:6      | Killed from afar by an electric eel

Illustrated notes

Levels and vault maps discovered:
D:1:      tarquinn_simple_flora_water_e, layout_loops_ring,
          ebering_ecumenical_altar_mist, minmay_tromino_mix6
D:2:      layout_basic, serial_bayou_lake_a, uniq_robin
D:3:      layout_loops_cross, portal_sewer_entry_d, skrybe_limestone_x,
          minmay_crystal_water, nicolae_shop_vocational
D:4:      layout_cave_pools, mainiacjoe_overflow_24_doors, fedhas_altar_2,
          uniq_crazy_yiuf_cottage, uniq_menkaure
D:5:      layout_loops_ring, worldfamousw_hep_ancestral_shrine,
          lemuel_tele_altar, lemuel_crystal_altar, serial_co_window_serial,
          co_window_corner_a, co_window_paths_a, co_window_of_opportunity_a,
          co_window_paths_a, co_window_corner_a, co_window_paths_a,
          co_window_corner_a, co_window_paths_b, co_window_of_opportunity_a,
          co_window_broadway_a, co_window_of_opportunity_c,
          co_window_broadway_c, glass_columns_a, glass_columns_b,
          glass_columns_c, glass_columns_b
D:6:      layout_loops_corners, nicolae_overflow_crystal_walls,
          water_maze_lemuel, uniq_edmund, uniq_maggie

Skill      XL: |  1  2  3  4  5  6  7  8 |
---------------+-------------------------+-----
Poison Magic   | 1 2 3 |  3.2
Transmutations | 3 4 5 |  5.2
Unarmed Combat | 4 5 |  5.0
Dodging        | 5 |  5.0
Stealth        | 4 |  4.0
Shields        | 4 |  4.0
Fighting       | 3 |  3.0
Spellcasting   | |  2.2
Ice Magic      | |  0.6

Action                   |  1- 3 |  4- 6 |  7- 9 || total
-------------------------+-------+-------+-------++-------
Melee: Unarmed           |    70 |   105 |   112 ||   287
       Constrict         |    11 |    13 |    18 ||    42
       Kick              |    15 |    14 |    20 ||    49
       Tentacles         |    10 |    14 |    10 ||    34
       Punch             |     2 |     3 |     2 ||     7
       Dagger            |       |    27 |    53 ||    80
 Cast: Beastly Appendage |    21 |    20 |    18 ||    59
       Wereblood         |     1 |     2 |     2 ||     5
       Spider Form       |       |     8 |    18 ||    26
  Use: Scroll            |       |     2 |     5 ||     7
       Potion            |       |       |     3 ||     3
 Stab: Sleeping          |     3 |     1 |     7 ||    11
       Distracted        |       |     1 |       ||     1
Armor: Skin              |     3 |     7 |    15 ||    25
Dodge: Dodged            |    41 |    82 |   167 ||   290
Block: Buckler           |       |       |     5 ||     5

Table legend: (Time is in decaauts)
 A = Elapsed time spent in this place.
 B = Non-inter-level travel time spent in this place.
 C = Inter-level travel time spent in this place.
 D = Time resting spent in this place.
 E = Time spent auto-exploring this place.
 F = Levels seen in this place.
 G = Mean time per level.
                   A        B        C        D        E       F      G
               +--------+--------+--------+--------+--------+-----+--------+
         Total |   6420 |   6286 |    134 |    567 |   4397 |   7 |  917.1 |
       Dungeon |   5532 |   5398 |    134 |    226 |   4101 |   6 |  922.0 |
         Sewer |    888 |    888 |      0 |    341 |    296 |   1 |  888.0 |
               +--------+--------+--------+--------+--------+-----+--------+

Top non-repeatable levels by time:
     D:5: 1212 daAuts
     D:2: 1065 daAuts
   Sewer: 888 daAuts
     D:1: 874 daAuts
     D:4: 835 daAuts
     D:3: 807 daAuts
     D:6: 736 daAuts
